 Dungeon Crawl Stone Soup version 0.29.1-1-gd02db6906a (webtiles) character file.

Game seed: 6257465780863931504

11098 hikkokomori the Fighter (level 11, -14/90 HPs)
             Began as a Merfolk Ice Elementalist on Sept 27, 2022.
             Was a Believer of Vehumet.
             Demolished by a minotaur
             ... wielding the +4 quarterstaff "Qausin" {venom, Dex+3}
              (29 damage)
             ... in a Gauntlet.
             The game lasted 01:16:17 (13678 turns).

hikkokomori the Fighter (Merfolk Ice Elementalist) Turns: 13678, Time: 01:16:19

Health: -14/90     AC: 10    Str: 12    XL:     11   Next: 72%
Magic:  20/20      EV: 14    Int: 18    God:    Vehumet [**....]
Gold:   379        SH:  5    Dex: 15    Spells: 4/22 levels left

rFire   . . .      SeeInvis +   H - +2 dagger (flame)
rCold   + . .      Faith    .   (no shield)
rNeg    . . .      Spirit   .   o - +0 steam dragon scales
rPois   .          Reflect  +   (no helmet)
rElec   .          Harm     .   p - +1 cloak
rCorr   .          Rampage  .   B - +1 pair of gloves {Str+3}
Will    .....      NoTele   +   s - +0 pair of boots
Stlth   +++.......              u - amulet of reflection
HPRegen 0.25/turn               l - ring of protection from cold
MPRegen 0.17/turn               z - ring of see invisible

@: mighty, lethally poisoned (-14 -> -32), on berserk cooldown, hasted and
slowed
A: (nimble swimmer 2), mertail
a: Renounce Religion


You were in a Gauntlet.
You worshipped Vehumet.
Vehumet was pleased with you.
You visited 3 branches of the dungeon, and saw 12 of its levels.
You also visited: Gauntlet.

You collected 638 gold pieces.
You spent 259 gold pieces at shops.

Inventory:

Hand Weapons
 r - a +4 vorpal longbow
 H - a +2 dagger of flaming (weapon)
Missiles
 e - 28 poisoned darts
 k - 2 curare-tipped darts
Armour
 a - a +0 robe
 o - +0 steam dragon scales (worn)
 p - a +1 cloak (worn)
 s - a +0 pair of boots (worn)
 v - a +0 leather armour of cold resistance
 y - a scarf of harm
 B - a +1 pair of gloves of strength (worn)
Magical Staves
 M - a staff of conjuration
Jewellery
 d - an amulet of the acrobat
 l - a ring of protection from cold (left hand)
 q - a ring of fire
 u - an amulet of reflection (around neck)
 z - a ring of see invisible (right hand)
Wands
 t - a wand of polymorph (3)
 E - a wand of iceblast (7)
Scrolls
 b - a scroll of identify
 h - a scroll of butterflies
 j - a scroll of brand weapon
 C - 2 scrolls of teleportation
 K - 2 scrolls of enchant armour
 N - a scroll of immolation
Potions
 c - a potion of resistance {unknown}
 f - 6 potions of mutation
 g - 2 potions of brilliance
 i - a potion of berserk rage
 m - 2 potions of attraction
 n - a potion of cancellation
 x - a potion of degeneration
 D - a potion of flight
 F - 2 potions of ambrosia
 I - a potion of lignification {unknown}
 J - a potion of might


   Skills:
 - Level 10.0 Fighting
 * Level 6.7 Ranged Weapons
 - Level 5.1 Dodging
 - Level 4.5 Stealth
 + Level 6.3 Spellcasting
 - Level 4.1 Conjurations
 - Level 5.3 Translocations
 - Level 8.1 Ice Magic
 + Level 2.5 Air Magic


You had 4 spell levels left.
You knew the following spells:

 Your Spells              Type           Power      Damage    Failure   Level
a - Freeze                Ice            100%       1d11      1%          1
b - Frozen Ramparts       Ice            68%        1d11      1%          3
c - Ozocubu's Armour      Ice            34%        N/A       1%          3
d - Gell's Gravitas       Tloc           24%        N/A       4%          3
e - Hailstorm             Conj/Ice       27%        3d7       10%         4
f - Foxfire               Conj/Fire      52%        2x1d6     4%          1
g - Swiftness             Air            14%        N/A       12%         3

Your spell library contained the following spells:

 Spells                   Type           Power      Damage    Failure   Level
 Poisonous Vapours        Pois/Air       20%        N/A       11%         2
 Magic Dart               Conj           80%        1d7       2%          1
 Shock                    Conj/Air       68%        1d7       3%          1
 Teleport Other           Tloc           24%        N/A       4%          3
 Mephitic Cloud           Conj/Pois/Air  13%        N/A       14%         3
 Call Imp                 Summ           5%         N/A       19%         2
 Airstrike                Air            7%         2d(1-17)  38%         4
 Dispersal                Tloc           12%        N/A       90%         6
 Disjunction              Tloc           12%        N/A       100%        8


Dungeon Overview and Level Annotations

Branches:
Dungeon (9/15)             Temple (1/1) D:7            Lair (2/5) D:9
 Shoals (0/4) Lair:2      Gauntlet (1/1)
  Snake: Lair:2-3    Spider: Lair:2-3       Orc: D:9-12

Altars:
Ashenzari
Cheibriados
Dithmenos
Fedhas
Hepliaklqana
Kikubaaqudgha
Nemelex Xobeh
Okawaru
Qazlal
Ru
Sif Muna
Trog
Uskayaw
Vehumet
Xom
Yredelemnul
Zin
The Shining One

Shops:
D:2 *   D:3 :*   D:5 (

Annotations:
Gauntlet 11 transporters


Innate Abilities, Weirdness & Mutations

((You are very nimble when in or above water. (Stealth+, EV+, Speed+++)))
Your lower body shifts to a powerful aquatic tail in water.


Message History

The minotaur hits your butterfly with the +4 quarterstaff "Qausin" {venom, Dex+3}!!!
Your butterfly dies!
Your butterfly disappears in a burst of colours!
Are you sure you want to stumble around while confused and next to your butterfly?
You feel sick.
You are no longer poisoned.
The minotaur barely misses your butterfly.
The minotaur gores your butterfly.
Your butterfly dies!
Your butterfly disappears in a burst of colours!
Are you sure you want to stumble around while confused and next to your butterfly?
You bump into the translucent stone wall.
The minotaur throws a silver javelin.
The silver javelin barely misses you.
Press: ? - help, v - describe, . - travel The floor.
You're too confused to cast spells.
Unknown command.
It was a potion of might.
You feel very mighty all of a sudden.
The minotaur hits your butterfly with the +4 quarterstaff "Qausin" {venom, Dex+3}!!!
Your butterfly dies!
Your butterfly disappears in a burst of colours!
You're too confused to cast spells.
The minotaur hits you with the +4 quarterstaff "Qausin" {venom, Dex+3}!!
* * * LOW HITPOINT WARNING * * *
You are lethally poisoned!
The minotaur gores you.
* * * LOW HITPOINT WARNING * * *
There is a transporter landing site, spattered with blood here.
Are you sure you want to stumble around while confused and next to your butterfly?
Okay, then.
Are you sure you want to stumble around while confused and next to your butterfly?
You barely miss your butterfly.
Your butterfly disappears in a burst of colours!
You feel less invigorated.
You feel less confused.
* * * LOW HITPOINT WARNING * * *
You feel very sick.
The minotaur hits you with the +4 quarterstaff "Qausin" {venom, Dex+3}!!
You die...

#######'###### #.............#
#.###.###.###.# #.###.###.###.
#............ ###.###.###.#
#####.###.###.#####
#≈..Hbb..........§# ### ###
####8b.@.©b©b©.©.©..8### #8# #8#
#8##≈...b..b.......§§##8
#################################
....................≈∩≈..........
.................................
#########.###########.###########
.$"©}.Y.#.#..?=Gu...#.#.≈s:©[≈.s#
#.....#.#.#.#.....#.#.#.≈.≈...≈.#
##...##.#.#..#####..#.#..≈...≈≈.#


You could see a minotaur (ally target), a great orb of eyes and a white ugly
thing.

Vanquished Creatures
  A hydra (Gauntlet)
  3 death yaks (D:9)
  A sixfirhy (Gauntlet)
  A deep elf pyromancer (D:8)
  A necromancer (Gauntlet)
  A torpor snail (Gauntlet)
  A shadow (D:5)
  A wyvern (Lair:1)
  2 basilisks (Lair:1)
  9 yaks
  3 steam dragons
  An acid dragon (D:8)
  A water moccasin (Lair:1)
  An orc warrior (D:8)
  2 ice beasts
  A sky beast (D:7)
  2 black bears
  An ogre (D:5)
  5 wolves
  3 centaurs
  2 kobold brigands
  2 scorpions
  3 bullfrogs
  13 wights
  5 killer bees (D:9)
  3 hounds
  5 orc priests
  Crazy Yiuf (D:2)
  Ijyb (D:5)
  Natasha (thrice) (D:2)
  An iguana (D:4)
  12 orc wizards
  Terence (D:2)
  6 adders
  4 gnolls (D:7)
  5 white imps
  A howler monkey simulacrum (D:9)
  5 ufetubi
  2 worms
  5 dart slugs
  32 orcs
  3 ball pythons
  11 endoplasms
  3 giant cockroaches
  8 goblins
  4 hobgoblins
  3 jackals (D:4)
  15 kobolds
  A quokka (D:4)
  9 bats
  6 frilled lizards
  4 rats (D:1)
220 creatures vanquished.

Vanquished Creatures (collateral kills)
  A polar bear (D:9)
  A troll (D:9)
  2 yaks (D:9)
  An orc warrior (D:9)
  A bullfrog (D:9)
  An electric eel (D:9)
  An orc priest (D:9)
  An orc wizard (D:9)
  A centaur simulacrum (D:9)
  A howler monkey simulacrum (D:9)
  2 orcs (D:9)
13 creatures vanquished.

Vanquished Creatures (others)
  An orc wizard (D:5)
  An adder (D:5)
  14 demonic plants (Gauntlet)
  2 fungi (Lair:1)
18 creatures vanquished.

Grand Total: 251 creatures vanquished

Notes
Turn   | Place    | Note
-------+----------+-------------------------------------------
     0 | D:1      | hikkokomori the Merfolk Ice Elementalist began the quest
                  | for the Orb.
     0 | D:1      | Reached XP level 1. HP: 13/13 MP: 3/3
   207 | D:1      | Reached XP level 2. HP: 20/20 MP: 3/5
   253 | D:1      | Reached skill level 1 in Fighting
   835 | D:1      | Found a faded altar of an unknown god.
   857 | D:1      | Reached XP level 3. HP: 24/26 MP: 6/6
  1341 | D:2      | Reached skill level 5 in Ice Magic
  1347 | D:2      | Reached skill level 2 in Fighting
  1574 | D:2      | Noticed Terence
  1582 | D:2      | Killed Terence
  1583 | D:2      | Reached XP level 4. HP: 17/34 MP: 1/7
  1772 | D:2      | Found Hobixtor's Assorted Antiques.
  1792 | D:2      | Bought a twisted emerald ring for 90 gold pieces
  1851 | D:2      | Found a runed translucent door.
  1852 | D:2      | Noticed Crazy Yiuf
  2355 | D:2      | Noticed Natasha
  2363 | D:2      | Killed Natasha
  2656 | D:2      | Noticed Natasha
  2660 | D:2      | Killed Natasha
  2661 | D:2      | Reached skill level 3 in Fighting
  2661 | D:2      | Reached XP level 5. HP: 35/41 MP: 4/9
  2664 | D:2      | Noticed Natasha
  2669 | D:2      | Killed Natasha
  2910 | D:2      | Killed Crazy Yiuf
  3276 | D:3      | Found Quahufit's Book Emporium.
  3293 | D:3      | Learned a level 3 spell: Frozen Ramparts
  3297 | D:3      | Learned a level 3 spell: Ozocubu's Armour
  3311 | D:3      | Found Esysoduma's Assorted Antiques.
  3948 | D:4      | Reached XP level 6. HP: 38/48 MP: 4/10
  4094 | D:4      | Reached skill level 4 in Fighting
  4358 | D:4      | Noticed a black bear
  4364 | D:4      | Killed a black bear
  4365 | D:4      | Reached XP level 7. HP: 55/55 MP: 0/12
  4453 | D:4      | Found a basalt altar of Yredelemnul.
  4455 | D:4      | Found a blossoming altar of Fedhas.
  4829 | D:4      | Learned a level 3 spell: Gell's Gravitas
  5084 | D:2      | Bought a pair of embroidered gloves for 135 gold pieces
  5084 | D:2      | Bought a scroll labelled PIUCIM IGUNTEX for 18 gold pieces
  5084 | D:2      | Bought a fuming clear potion for 16 gold pieces
  5142 | D:5      | Entered Level 5 of the Dungeon
  5142 | D:5      | Noticed Ijyb
  5142 | D:5      | Found a broken altar of Ashenzari.
  5153 | D:5      | Killed Ijyb
  5154 | D:5      | Reached skill level 5 in Fighting
  5384 | D:5      | Found a snail-covered altar of Cheibriados.
  5502 | D:5      | Noticed a shadow
  5562 | D:5      | Reached skill level 1 in Translocations
  5635 | D:5      | Killed a shadow
  5636 | D:5      | Reached skill level 1 in Ranged Weapons
  5636 | D:5      | Reached XP level 8. HP: 31/64 MP: 10/14
  5664 | D:5      | Reached skill level 6 in Fighting
  6038 | D:5      | Found Viop's Antique Weapon Boutique.
  6434 | D:6      | You fall into a shaft and drop 3 floors!
  6437 | D:9      | Noticed a yak
  6439 | D:9      | Found a sparkling altar of Nemelex Xobeh.
  6445 | D:9      | Killed a yak
  6452 | D:9      | Noticed a yak
  6452 | D:9      | Noticed a yak
  6466 | D:9      | Noticed a polar bear
  6469 | D:9      | Killed a yak
  6470 | D:9      | Reached XP level 9. HP: 71/71 MP: 5/15
  6473 | D:9      | Killed a polar bear
  6474 | D:9      | Reached skill level 7 in Fighting
  6747 | D:8      | Reached skill level 5 in Spellcasting
  7026 | D:8      | Noticed a deep elf pyromancer
  7200 | D:8      | Learned a level 4 spell: Hailstorm
  7454 | D:8      | Killed a deep elf pyromancer
  7455 | D:8      | Reached skill level 8 in Fighting
  7455 | D:8      | Reached skill level 5 in Dodging
  7455 | D:8      | Reached skill level 1 in Conjurations
  7455 | D:8      | Reached XP level 10. HP: 62/81 MP: 7/18
  8008 | D:7      | Found a staircase to the Ecumenical Temple.
  8067 | Temple   | Entered the Ecumenical Temple
  8128 | Temple   | Became a worshipper of Vehumet
  9018 | D:7      | Reached * piety under Vehumet
  9018 | D:7      | Offered knowledge of Foxfire by Vehumet.
  9021 | D:7      | Learned a level 1 spell: Foxfire
  9400 | D:6      | Found a stormy altar of Qazlal.
 10262 | D:9      | Found a shadowy altar of Dithmenos.
 10269 | D:9      | Reached skill level 9 in Fighting
 10686 | D:9      | Noticed a death yak
 10686 | D:9      | Noticed a death yak
 10695 | D:9      | Noticed a death yak
 10715 | D:9      | Killed a death yak
 10715 | D:9      | Killed a death yak
 10724 | D:9      | Reached skill level 5 in Ranged Weapons
 10724 | D:9      | Reached skill level 5 in Translocations
 10724 | D:9      | Reached XP level 11. HP: 12/90 MP: 10/19
 11111 | D:9      | Found a staircase to the Lair.
 11179 | D:9      | Killed a death yak
 11189 | D:9      | Identified the +2 halberd of Noon {freeze, rElec rC- Will-
                  | Str+9}
 11208 | D:9      | Reached skill level 10 in Fighting
 11520 | Lair:1   | Entered Level 1 of the Lair of Beasts
 11675 | Lair:1   | Learned a level 3 spell: Swiftness
 11837 | Lair:1   | Reached skill level 1 in Air Magic
 11975 | Lair:1   | Reached ** piety under Vehumet
 12095 | Lair:1   | Offered knowledge of Poisonous Vapours by Vehumet.
 12626 | Lair:2   | Found a gate leading to a gauntlet.
 12677 | Gauntlet | Entered a Gauntlet
 12677 | Gauntlet | Found a transporter.
 12688 | Gauntlet | Found a transporter.
 12689 | Gauntlet | Noticed a soul eater
 12706 | Gauntlet | Found a transporter.
 12714 | Gauntlet | Found a transporter.
 12718 | Gauntlet | Noticed a hell hog
 12736 | Gauntlet | Found a transporter.
 12752 | Gauntlet | Found a transporter.
 12760 | Gauntlet | Noticed a dire elephant
 12770 | Gauntlet | Found a transporter.
 12770 | Gauntlet | Noticed a white ugly thing
 12775 | Gauntlet | Noticed a great orb of eyes
 12778 | Gauntlet | Found a transporter.
 12790 | Gauntlet | Noticed a moth of wrath
 12794 | Gauntlet | Found a transporter.
 12803 | Gauntlet | Found a transporter.
 12811 | Gauntlet | Noticed a wizard
 12822 | Gauntlet | Noticed a five-headed hydra
 12824 | Gauntlet | Found a transporter.
 12842 | Gauntlet | Found a transporter.
 12863 | Gauntlet | Found a transporter.
 12864 | Gauntlet | Noticed a wizard
 12865 | Gauntlet | Found a transporter.
 12867 | Gauntlet | Noticed a necromancer
 12891 | Gauntlet | Noticed a sixfirhy
 12900 | Gauntlet | Found a transporter.
 12909 | Gauntlet | Killed a sixfirhy
 12939 | Gauntlet | Found a transporter.
 13103 | Gauntlet | Found a transporter.
 13121 | Gauntlet | Killed a necromancer
 13540 | Gauntlet | Killed a five-headed hydra
 13656 | Gauntlet | Identified the +4 quarterstaff "Qausin" {venom, Dex+3}
 13656 | Gauntlet | Noticed a minotaur
 13678 | Gauntlet | Demolished by a minotaur

Illustrated notes

Levels and vault maps discovered:
D:1:      sevenhm_arrival_forest_fort_small_6, layout_rooms,
          hellmonk_ecumenical_altar_slurped_away, serial_co_window_serial,
          co_window_paths_b, co_window_of_opportunity_a, co_window_corner_a,
          co_window_of_opportunity_a, co_window_paths_a, co_window_cross_2,
          co_window_of_opportunity_b, co_window_unsneaky_path_a,
          co_window_paths_c, co_window_broadway_c, co_window_paths_d,
          glass_columns_a
D:2:      layout_basic, serial_rivers, chequers_serial_rivers_small_3,
          chequers_serial_rivers_small_a, chequers_serial_rivers_small_a,
          chequers_serial_rivers_micro_a, serial_shops, nicolae_shop_trees,
          serial_bayou_pond_d, uniq_terence, uniq_crazy_yiuf_cottage,
          uniq_natasha
D:3:      layout_loops_ring, serial_shops, shop, shop
D:4:      layout_cave_pods, chequers_temple_overflow_statue_of_worship,
          kennysheep_small_square
D:5:      layout_cave_pools, kennysheep_slug_shrine,
          cheibrodos_ashenzari_chains, serial_shops, kennysheep_mini,
          minmay_puff, uniq_ijyb
D:6:      layout_basic, grunt_qazlal_sundering, chequers_serial_rivers_micro_e
D:7:      layout_cave_pods, minmay_temple_entry_statues_pillars, serial_glass,
          glass_columns_b, glass_columns_a, glass_columns_a, glass_columns_b
D:8:      layout_basic, grunt_ministairs_1
D:9:      layout_rooms, nicolae_dithmenos_shadow_blocks,
          mainiacjoe_overflow_alcove_1, mainiacjoe_overflow_brackets,
          dpeg_lair_monsters, minmay_orc_entry_temple_small, serial_ice,
          serial_ice_n, serial_ice_e, serial_ice_i, serial_ice_m, serial_ice_o,
          serial_ice_b
Temple:   hellmonk_temple_of_storms
Lair:1:   layout_regular_city
Lair:2:   layout_cellular_growth, minmay_shoals_entry_lonely_mermaid,
          gauntlet_entry_generic, chequers_serial_rivers_room_b
Gauntlet: gammafunk_gauntlet_one_two_three [gammafunk_gauntlet_arena_open,
          nicolae_gauntlet_swirl, gammafunk_gauntlet_arena_crates,
          nicolae_gauntlet_arena_grate_2, gammafunk_gauntlet_arena_spirals,
          nicolae_gauntlet_arena_flowing_pool, nicolae_gauntlet_arena_blocks,
          gammafunk_gauntlet_arena_split_x,
          gammafunk_gauntlet_arena_arrow_garden, gauntlet_exit_watery]

Skill      XL: |  1  2  3  4  5  6  7  8  9 10 11 |
---------------+----------------------------------+-----
Fighting       | 1 2 3 4 5 6 8 9 10 | 10.0
Ice Magic      | 5 6 7 8 |  8.1
Spellcasting   | 3 4 5 6 |  6.3
Translocations | 1 2 3 5 |  5.3
Ranged Weapons | 1 2 3 5 6 |  6.7
Dodging        | 3 5 |  5.1
Stealth        | 4 |  4.5
Conjurations   | 1 3 4 |  4.1
Air Magic      | 2 |  2.5

Action                   |  1- 3 |  4- 6 |  7- 9 | 10-12 || total
-------------------------+-------+-------+-------+-------++-------
Melee: Dagger            |    70 |    68 |    37 |    23 ||   198
       Unarmed           |     5 |       |       |       ||     5
       Punch             |     1 |       |       |     1 ||     2
       Rapier            |       |     8 |       |       ||     8
       Quarterstaff      |       |       |     3 |       ||     3
 Fire: Longbow           |       |    15 |   133 |   252 ||   400
Throw: Dart              |     2 |     3 |     1 |     1 ||     7
 Cast: Freeze            |    34 |    40 |    46 |    18 ||   138
       Frozen Ramparts   |       |     6 |    18 |    22 ||    46
       Ozocubu's Armour  |       |     4 |     9 |    21 ||    34
       Gell's Gravitas   |       |       |     2 |     4 ||     6
       Hailstorm         |       |       |       |    32 ||    32
       Swiftness         |       |       |       |     1 ||     1
Evoke: Wand              |       |       |     6 |     6 ||    12
  Use: Scroll            |     1 |     4 |     9 |    16 ||    30
       Potion            |       |       |     1 |    12 ||    13
 Stab: Sleeping          |     4 |     3 |       |       ||     7
Armor: Robe              |    35 |    36 |    61 |    30 ||   162
       Steam dragon scal |       |       |       |    93 ||    93
Dodge: Dodged            |    86 |    50 |    94 |   188 ||   418
Block: Other             |       |       |       |    10 ||    10
